 Dungeon Crawl Stone Soup version 0.18.1-48-g4cf74bf (webtiles) character file.

102 sveltemanboy the Chucker (level 4, -4/46 HPs)
             Began as an Ogre Hunter on June 24, 2016.
             Was an Initiate of Ru.
             Slain by a killer bee zombie (5 damage)
             ... on level 3 of the Dungeon.
             The game lasted 00:06:19 (2058 turns).

sveltemanboy the Chucker (Ogre Hunter)              Turns: 2058, Time: 00:06:19

Health: -4/46      AC:  3    Str: 18    XL:     4   Next: 77%
Magic:  4/4        EV: 10    Int: 10    God:    Ru [......]
Gold:   115        SH:  0    Dex: 10    Spells: 0 memorised, 3 levels left

rFire  . . .     SeeInvis .     i - +0 lightning rod (10/12)
rCold  . . .     Gourm    .     b - +0 robe
rNeg   . . .     Faith    .     (no shield)
rPois  .         Spirit   .     (helmet restricted)
rElec  .         Dismiss  .     (no cloak)
rCorr  .         Reflect  .     (gloves unavailable)
SustAt .         Harm     .     (boots unavailable)
MR     .....                    (no amulet)
Stlth  +.........               (no ring)
                                (no ring)

@: not resistant to hostile enchantments, very unstealthy
A: unfitting armour, tough skin 1
a: Renounce Religion


You were on level 3 of the Dungeon.
You worshipped Ru.
Ru was noncommittal.
You were not hungry.

You visited 1 branch of the dungeon, and saw 3 of its levels.

You collected 115 gold pieces.

Inventory:

Hand Weapons
 x - a +0 flail
Missiles
 c - 4 large rocks (quivered)
 o - 42 stones
 w - 3 tomahawks of returning
Armour
 b - a +0 robe (worn)
Rods
 i - a +0 lightning rod (10/12) (in hand)
   (You found it on level 3 of the Dungeon)
Scrolls
 h - a scroll of blinking {unknown}
 k - 2 scrolls of immolation {unknown}
 p - 3 scrolls of remove curse {unknown}
 r - a scroll of teleportation {unknown}
 s - a scroll of fog {unknown}
 t - a scroll of recharging {unknown}
 u - 3 scrolls of identify {unknown}
Potions
 a - a potion of haste {unknown}
 e - 2 potions of lignification {unknown}
 g - 2 potions of flight {unknown}
 l - 2 potions of cancellation {unknown}
 m - 2 potions of curing {unknown}
 n - a potion of cure mutation {unknown}
 q - a potion of might {unknown}
Comestibles
 f - 2 bread rations
 j - a slice of pizza
 v - a royal jelly


   Skills:
 + Level 3.6 Fighting
 * Level 3.2 Maces & Flails
 - Level 4.0 Throwing
 - Level 1.0 Armour
 + Level 2.5 Dodging
 - Level 0.7 Stealth
 + Level 0.5 Evocations


You had 3 spell levels left.
You didn't know any spells.

Dungeon Overview and Level Annotations

Branches:
Dungeon (3/15)

Altars:
Ru


Innate Abilities, Weirdness & Mutations

You are too large for most types of armour.
You have tough skin (AC +1).


Message History

You thump the killer bee zombie! The killer bee zombie hits you. x2
You barely miss the killer bee zombie. The killer bee zombie hits you. x2
You sock the killer bee zombie! The killer bee zombie hits you.
The killer bee zombie hits you!
You barely miss the killer bee zombie.
The killer bee zombie closely misses you.
The killer bee zombie hits you.
* * * LOW HITPOINT WARNING * * *
Wield which item (- for none, * to show all)? (? for menu, Esc to quit)
i - a +0 lightning rod (12/12) (in hand)
The killer bee zombie hits you.
* * * LOW HITPOINT WARNING * * *
Aiming: Thunderbolt
Press: ? - help, Shift-Dir - straight line, f - killer bee zombie
Aim: a killer bee zombie The lightning misses the killer bee zombie.
The killer bee zombie hits you.
* * * LOW HITPOINT WARNING * * *
The killer bee zombie hits you.
You die... ######################## ......Z@................ ########################

You could see a killer bee zombie.

Vanquished Creatures
  4 gnolls (D:3)
  A worm (D:2)
  A dart slug (D:2)
  2 giant geckos
  5 orcs (D:3)
  A giant cockroach (D:2)
  2 goblins (D:1)
  7 hobgoblins
  4 jackals (D:1)
  A ball python (D:1)
  7 bats
  7 giant newts
  4 kobolds
  6 rats
52 creatures vanquished.

Notes
Turn   | Place    | Note
--------------------------------------------------------------
     0 | D:1      | sveltemanboy the Ogre Hunter began the quest for the Orb.
     0 | D:1      | Reached XP level 1. HP: 22/22 MP: 1/1
   340 | D:1      | Reached XP level 2. HP: 28/29 MP: 2/2
   348 | D:1      | Reached skill level 1 in Maces & Flails
   852 | D:1      | Reached XP level 3. HP: 30/37 MP: 3/3
  1036 | D:2      | Found a sacrificial altar of Ru.
  1076 | D:2      | Became a worshipper of Ru the Awakened
  1198 | D:2      | Found a faded altar to an unknown god.
  1721 | D:3      | Reached XP level 4. HP: 41/45 MP: 4/4
  1763 | D:3      | Reached skill level 1 in Armour
  2058 | D:3      | HP: 1/46 [killer bee zombie (6)]
  2058 | D:3      | Slain by a killer bee zombie

Skill      XL: |  1  2  3  4 |
---------------+-------------+-----
Dodging        | 2 |  2.5
Maces & Flails | 1 2 3 |  3.2
Fighting       | 3 |  3.6
Armour         | 1 |  1.0
Throwing       | |  4.0
Stealth        | |  0.7
Evocations     | |  0.5

Action                   |  1- 3 |  4- 6 || total
-------------------------+-------+-------++-------
Melee: Club              |    38 |       ||    38
       Short sword       |    11 |       ||    11
       Mace              |    97 |       ||    97
       Flail             |     1 |    16 ||    17
Throw: Large rock        |     4 |     3 ||     7
       Throwing net      |     3 |       ||     3
       Stone             |     2 |       ||     2
Evoke: Rod               |       |     5 ||     5
 Stab: Held in net/web   |     2 |       ||     2
       Sleeping          |     2 |       ||     2
  Eat: Chunk             |     3 |     1 ||     4
Armor: Robe              |    44 |     2 ||    46
Dodge: Dodged            |    71 |     2 ||    73
